 Dungeon Crawl Stone Soup version 0.28.0 (webtiles) character file.

Game seed: 10712833867383676140

22 willcat the Sneak (level 2, -2/21 HPs)
             Began as an Octopode Delver on Feb 6, 2022.
             Slain by a crimson imp (4 damage)
             ... summoned by Eustachio
             ... on level 5 of the Dungeon.
             The game lasted 00:00:33 (437 turns).

willcat the Sneak (Octopode Delver)                  Turns: 437, Time: 00:00:33

Health: -2/21      AC:  1    Str: 11    XL:     2   Next: 91%
Magic:  2/2        EV: 13    Int: 12    God:
Gold:   11         SH:  0    Dex: 13    Spells: 1/1 levels left

rFire   . . .      SeeInvis .   a - +0 short sword
rCold   . . .      Faith    .   (no shield)
rNeg    . . .      Spirit   .   (helmet restricted)
rPois   .          Reflect  .   (no amulet)
rElec   .          Harm     .   (no ring)
rCorr   .          Rampage  .   (no ring)
Will    .....                   (no ring)
Stlth   ++++......              (no ring)
HPRegen 0.07/turn               (no ring)
MPRegen 0.08/turn               (no ring)
                                (no ring)
                                (no ring)

@: no status effects
A: almost no armour, amphibious, 8 rings, camouflage 1, gelatinous body 1,
(nimble swimmer 1), tentacles
a: no special abilities


You were on level 5 of the Dungeon.
You visited 1 branch of the dungeon, and saw 1 of its levels.

You collected 11 gold pieces.

Inventory:

Hand Weapons
 a - a +0 short sword (weapon)
Missiles
 g - 3 poisoned darts (quivered)
Wands
 f - a wand of digging (3)
Scrolls
 b - a scroll of fog
 c - a scroll of magic mapping
 d - 2 scrolls of fear
Potions
 e - a potion of haste


   Skills:
 - Level 3.0 Fighting
 + Level 2.4 Short Blades
 + Level 2.4 Dodging
 + Level 7.0 Stealth


You had one spell level left.
You didn't know any spells.
Your spell library was empty.

Dungeon Overview and Level Annotations

Branches:
Dungeon (5/15)
 Temple: D:4-7

Altars:

Annotations:
D:5 Eustachio


Innate Abilities, Weirdness & Mutations

You cannot wear most types of armour.
You are amphibious.
You can wear up to eight rings at the same time.
Your skin changes colour to match your surroundings (Stealth+).
Your rubbery body absorbs attacks. (AC +1, EV +1)
((You are camouflaged when in or above water. (Stealth+)))
You have tentacles for arms and can constrict up to eight enemies at once.


Message History

You now have 11 gold pieces (gained 5).
d - 2 scrolls of fear (gained 1) Eustachio the Magnificent comes into view.
He is wielding a +0 falchion.
Found a scale mail.
Eustachio is nearby!
Eustachio is nearby!
Eustachio is nearby!
Eustachio shouts!
Press: ? - help, v - describe, . - travel
Here: Eustachio, wielding a +0 falchion and wearing a +0 leather armour The floor.
Unknown command.
Okay, then.
Eustachio says, "My allies will avenge me."
Unknown command.
You closely miss Eustachio. Your grab misses Eustachio.
Eustachio barely misses you.
Unknown command.
You hit Eustachio. Your grab misses Eustachio. Your squeeze misses Eustachio.
Eustachio is lightly wounded.
Eustachio mumbles some strange words.
Unknown command.
You hit Eustachio. You grab Eustachio.
Eustachio is lightly wounded.
You constrict Eustachio. Eustachio hits you with a +0 falchion!
The ufetubus closely misses you. x3; The ufetubus misses you.
The crimson imp hits you.
Unknown command.
You hit Eustachio.
You squeeze Eustachio, but do no damage.
Eustachio is moderately wounded.
You constrict Eustachio. The ufetubus barely misses you. x2
The ufetubus closely misses you. The ufetubus hits you.
* * * LOW HITPOINT WARNING * * *
Eustachio barely misses you. The ufetubus hits you.
* * * LOW HITPOINT WARNING * * *
The ufetubus barely misses you. The ufetubus hits you.
* * * LOW HITPOINT WARNING * * *
The ufetubus closely misses you. The crimson imp hits you.
You die...

.............>
..............
........##.... ####......
#..## .............## #
##.[.# .. #... . #. #....
..... ..#.## #5@# #..#.#.
......###@5# #... ...
......#..5## +..# .....
..........# #..###.....
........########.........
......#.................
.........###.....#...#
......#..###.......#.#
......##.#.....#..##.##
..... #......###.....##


You could see Eustachio, a crimson imp (summoned) and 2 ufetubi.

Vanquished Creatures
  A hound skeleton (D:5)
  A worm (D:5)
  4 jackals (D:5)
6 creatures vanquished.

Notes
Turn   | Place    | Note
-------+----------+-------------------------------------------
     0 | D:5      | willcat the Octopode Delver began the quest for the Orb.
     0 | D:5      | Reached XP level 1. HP: 16/16 MP: 1/1
    44 | D:5      | Noticed an ice beast
    66 | D:5      | Reached XP level 2. HP: 5/21 MP: 2/2
   338 | D:5      | Reached skill level 7 in Stealth
   428 | D:5      | Noticed Eustachio
   436 | D:5      | Noticed a crimson imp
   437 | D:5      | Slain by a crimson imp

Illustrated notes

Levels and vault maps discovered:
D:5:      layout_rooms, minmay_ogre_servants, uniq_eustachio

Skill      XL: |  1  2 |
---------------+-------+-----
Stealth        | 7 |  7.0
Fighting       | |  3.0
Short Blades   | |  2.4
Dodging        | |  2.4

Action                   || total
-------------------------++-------
Melee: Short sword       ||    27
       Tentacles         ||     9
       Constrict         ||     7
Dodge: Dodged            ||    25
